 Dungeon Crawl Stone Soup version 0.22.1-1-ga44c0e56f4 (webtiles) character file.

0 Gargoyl the Skirmisher (level 1, -5/19 HPs)
             Began as a Centaur Abyssal Knight on Oct 3, 2018.
             Was a Follower of Lugonu.
             Slain by a small abomination (7 damage)
             ... on level 2 of the Abyss.
             The game lasted 00:01:50 (421 turns).

Gargoyl the Skirmisher (Centaur Abyssal Knight)      Turns: 421, Time: 00:01:51

Health: -5/19      AC:  4    Str: 14    XL:     1   Next: 0%
Magic:  2/2        EV:  9    Int: 11    God:    Lugonu [*.....]
Gold:   44         SH:  0    Dex:  8    Spells: 0/0 levels left

rFire    . . .     SeeInvis .   a - +1 hand axe
rCold    . . .     Gourm    .   (no shield)
rNeg     . . .     Faith    .   b - +0 leather armour
rPois    .         Spirit   .   (no helmet)
rElec    .         Reflect  .   (no cloak)
rCorr    .         Harm     .   (no gloves)
MR       .....     Rnd*Tele +   (no barding)
Stlth    ..........             (no amulet)
HPRegen  0.00/turn              d - ring of teleportation (curse)
MPRegen  0.08/turn              (no ring)

@: non-regenerating, mildly diseased, very quick
A: large, hooves 3, deformed body, speed 2, tough skin 3
a: Depart the Abyss, Renounce Religion


You were on level 2 of the Abyss.
You worshipped Lugonu.
Lugonu was aware of your devotion.
You were not hungry.

You visited 0 branches of the dungeon, and saw 0 of its levels.
You visited the Abyss 1 time.

You collected 44 gold pieces.

Inventory:

Hand Weapons
 a - a +1 hand axe (weapon)
Armour
 b - a +0 leather armour (worn)
Jewellery
 d - a cursed ring of teleportation (left hand)
Comestibles
 c - a ration


   Skills:
 + Level 3.0 Fighting
 + Level 1.7 Axes
 + Level 1.3 Armour
 + Level 0.6 Dodging
 + Level 2.0 Invocations


You couldn't memorise any spells.
You didn't know any spells.
Your spell library contained the following spells:

 Spells                   Type           Power        Failure   Level  Hunger
 Cause Fear               Hex            #.........   99%         4    #####..
 Silence                  Hex/Air        #.........   100%        5    ######.
 Yara's Violent Unravell  Hex/Tmut       #.........   100%        5    ######.
 Deflect Missiles         Chrm/Air       #.........   100%        6    #######
 Discord                  Hex            #.........   100%        8    #######


Dungeon Overview and Level Annotations

Branches:
Dungeon (0/15)

Altars:


Innate Abilities, Weirdness & Mutations

You have hooves in place of feet.
Armour fits poorly on your strangely shaped body.
You cover ground very quickly.
You have extremely tough skin. (AC +3)


Message History

The chaos spawn gives a chilling moan.
Found 28 gold pieces.
A large abomination comes into view.
The small abomination hits you!
A large abomination comes into view.
Found a ration.
You see here a ration.
An ancient zyme comes into view.
You feel yourself growing ill in the presence of the ancient zyme.
The soul eater draws from the surrounding life force!
Ouch! That really hurt!
* * * LOW HITPOINT WARNING * * *
You feel ill.
A starcursed mass comes into view.
A starcursed mass splits.
You hit the starcursed mass.
The starcursed mass is lightly damaged.
The starcursed mass shudders and is absorbed by its neighbour.
The small abomination hits you!
You die...

##....#.# # ..
#..#.... ##....
#....x#### ....
####.. ...#...#..
###.x###3....# ...
#.#.#.#..##.#.##.##
#..#.x.##....###..#
###x.#..####. #.##
. #.@#..#.... ##..#
. ##..#..#..# .## #
#.XX#X#..# # # .
.#.....###...#
####.##. # .# . ...
. .%...#... . .#.X.
#.#.. #. # .. ..
##..#. ... . . ...
. . #


You could see a starcursed mass, a soul eater, an ancient zyme, a large
abomination and a small abomination.

Vanquished Creatures (others)
  9 starspawn tentacles (Abyss:2)
9 creatures vanquished.

Notes
Turn   | Place    | Note
-------+----------+-------------------------------------------
     0 | Abyss:1  | Gargoyl the Centaur Abyssal Knight began the quest for the
                  | Orb.
     0 | Abyss:1  | Reached XP level 1. HP: 19/19 MP: 2/2
   163 | Abyss:2  | Noticed a small abomination
   180 | Abyss:2  | Noticed a tentacled starspawn
   196 | Abyss:2  | Noticed a tentacled starspawn
   216 | Abyss:2  | Noticed an ice beast
   230 | Abyss:2  | Noticed a bone dragon
   242 | Abyss:2  | Noticed a wraith
   279 | Abyss:2  | Noticed a large abomination
   288 | Abyss:2  | Noticed an eye of devastation
   290 | Abyss:2  | Noticed an ancient zyme
   310 | Abyss:2  | Noticed a small abomination
   321 | Abyss:2  | Noticed a small abomination
   326 | Abyss:2  | Noticed a chaos spawn
   332 | Abyss:2  | Noticed a large abomination
   338 | Abyss:2  | Noticed a large abomination
   350 | Abyss:2  | Noticed a large abomination
   368 | Abyss:2  | Noticed a large abomination
   396 | Abyss:2  | Noticed a soul eater
   400 | Abyss:2  | Noticed an ancient zyme
   420 | Abyss:2  | Noticed a starcursed mass
   421 | Abyss:2  | Slain by a small abomination

Action                   || total
-------------------------++-------
Melee: Hand axe          ||     1
  Use: Scroll            ||     1
       Potion            ||     1
